 Dungeon Crawl Stone Soup version 0.24-a0-342-gad4687c37d (webtiles) character file.

Game seed: 15385626414872651790

317 nikopol the Magician (level 6, -4/32 HPs)
             Began as a Deep Elf Fire Elementalist on May 21, 2019.
             Killed from afar by an orc wizard (10 damage)
             ... with a puff of flame
             ... on level 3 of the Dungeon.
             The game lasted 00:06:17 (2302 turns).

nikopol the Magician (Deep Elf Fire Elementalist)   Turns: 2302, Time: 00:06:18

Health: -4/32      AC:  2    Str:  5    XL:     6   Next: 20%
Magic:  0/16       EV: 13    Int: 22    God:
Gold:   142        SH:  0    Dex: 15    Spells: 6/16 levels left

rFire    . . .     SeeInvis .   q - +4 dagger
rCold    . . .     Gourm    .   (no shield)
rNeg     . . .     Faith    .   a - +0 robe
rPois    .         Spirit   .   (no helmet)
rElec    .         Reflect  .   (no cloak)
rCorr    .         Harm     .   (no gloves)
MR       .....                  (no boots)
Stlth    ++........             (no amulet)
HPRegen  0.10/turn              (no ring)
MPRegen  0.15/turn              (no ring)

@: very slightly contaminated, hasted, very quick
A: no striking features
a: no special abilities


You were on level 3 of the Dungeon.
You were not hungry.

You visited 1 branch of the dungeon, and saw 3 of its levels.

You collected 142 gold pieces.

Inventory:

Hand Weapons
 b - a +0 short sword
 p - a +2 dagger of venom
 q - a +4 dagger (weapon)
Armour
 a - a +0 robe (worn)
Scrolls
 d - 5 scrolls of identify {unknown}
 e - 2 scrolls of enchant armour {unknown}
 g - 2 scrolls of magic mapping {unknown}
 k - a scroll of fear {unknown}
 l - 2 scrolls of teleportation {unknown}
 m - a scroll of random uselessness {unknown}
 o - a scroll of remove curse {unknown}
Potions
 f - a potion of might {unknown}
 h - a potion of haste
 i - 2 potions of lignification {unknown}
 j - a potion of agility {unknown}
 n - 2 potions of magic {unknown}
 s - a potion of brilliance {unknown}
Comestibles
 c - 5 rations


   Skills:
 + Level 3.0 Dodging
 + Level 3.2 Stealth
 + Level 5.5 Spellcasting
 + Level 3.3 Conjurations
 + Level 5.0 Fire Magic


You had 6 spell levels left.
You knew the following spells:

 Your Spells              Type           Power        Failure   Level  Hunger
a - Flame Tongue          Conj/Fire      ###..        1%          1    None
b - Throw Flame           Conj/Fire      ###...       2%          2    None
c - Conjure Flame         Conj/Fire      ###.....     4%          3    ##.....
d - Sticky Flame          Conj/Fire      ###.....     17%         4    ####...

Your spell library contained the following spells:

 Spells                   Type           Power        Failure   Level  Hunger
 Corona                   Hex            #......      10%         1    None
 Inner Flame              Hex/Fire       ###.....     10%         3    ##.....
 Ensorcelled Hibernation  Hex/Ice        #.....       14%         2    None
 Dazzling Spray           Conj/Hex       ##....       14%         3    ##.....
 Confuse                  Hex            #.......     28%         3    ##.....
 Tukima's Dance           Hex            #.......     28%         3    ##.....
 Fireball                 Conj/Fire      ###.......   43%         5    #####..


Dungeon Overview and Level Annotations

Branches:
Dungeon (3/15)

Altars:


Message History

You hit the orc priest.
The orc priest is heavily wounded.
The orc priest begins to cast a cantrip, but forgets the words!
The orc wizard barely misses you.
You hit the orc priest.
The orc priest is severely wounded.
The orc priest calls upon Beogh to heal the orc wizard.
The orc wizard's wounds heal themselves!
The orc wizard misses you.
You hit the orc priest.
You kill the orc priest!
Casting: Flame Tongue (safe; 1% risk of failure)
Confirm with . or Enter, or press ? or * to list all spells.
Aiming: Flame Tongue (safe; 1% risk of failure)
Press: ? - help, Shift-Dir - straight line, f - orc wizard
Aim: an orc wizard, wielding a +0 dagger and wearing a +0 robe The flame tongue misses the orc wizard.
The orc wizard gestures at you while chanting.
The puff of flame hits you!
You die...

#<..#####...#... ###.....).....÷.
### #.######'##)## ... ### #.##.#
.... #.#<.# .......# #.#..#
....!..####################.#..##
.....^.........o.................
...............)@................
.(.....##.#################.#.##.
.o.....##.# #........(...
.......##.###### #.#####.#.##.
..o.o...o......# #.........##.
..)o...##......# #.#####.####.
.......##......######.#####......
.......##.......†....†...........
.......##......######.###.######.


You could see an orc wizard.

Vanquished Creatures
  A centaur (D:3)
  3 orc priests (D:3)
  An orc wizard (D:3)
  A hound skeleton (D:2)
  3 adders
  A worm (D:2)
  3 dart slugs
  A leopard gecko (D:1)
  6 orcs (D:3)
  3 giant cockroaches
  7 goblins
  9 hobgoblins
  10 jackals (D:2)
  4 kobolds
  2 quokkas
  A ball python (D:2)
  8 bats
  4 frilled lizards
  7 rats
75 creatures vanquished.

Notes
Turn   | Place    | Note
-------+----------+-------------------------------------------
     0 | D:1      | nikopol the Deep Elf Fire Elementalist began the quest for
                  | the Orb.
     0 | D:1      | Reached XP level 1. HP: 10/10 MP: 6/6
    79 | D:1      | Reached XP level 2. HP: 15/15 MP: 1/8
   812 | D:2      | Reached XP level 3. HP: 19/19 MP: 3/10
   816 | D:2      | Learned a level 2 spell: Throw Flame
   820 | D:2      | Learned a level 3 spell: Conjure Flame
  1160 | D:2      | Reached XP level 4. HP: 19/24 MP: 2/12
  1166 | D:2      | Learned a level 4 spell: Sticky Flame
  1818 | D:3      | Noticed a centaur
  1827 | D:3      | Killed a centaur
  1827 | D:3      | Reached XP level 5. HP: 26/28 MP: 5/14
  1952 | D:3      | Reached skill level 5 in Spellcasting
  2293 | D:3      | Reached skill level 5 in Fire Magic
  2293 | D:3      | Reached XP level 6. HP: 6/32 MP: 1/16
  2302 | D:3      | Killed from afar by an orc wizard

Levels and vault maps discovered:
D:1:      nzn_arrival_water_spiral, layout_basic
D:2:      layout_basic, first_ration
D:3:      layout_basic

Skill      XL: |  1  2  3  4  5 |
---------------+----------------+-----
Fire Magic     | 4 5 |  5.0
Spellcasting   | 4 5 |  5.5
Conjurations   | 2 3 |  3.3
Stealth        | 3 |  3.2
Dodging        | 3 |  3.0

Action                   |  1- 3 |  4- 6 || total
-------------------------+-------+-------++-------
Melee: Dagger            |       |     6 ||     6
 Cast: Flame Tongue      |    68 |    69 ||   137
       Sticky Flame      |       |     2 ||     2
       Throw Flame       |       |     1 ||     1
  Use: Potion            |       |     1 ||     1
  Eat: Chunk             |     1 |     3 ||     4
Armor: Robe              |     3 |     3 ||     6
Dodge: Dodged            |    14 |    31 ||    45

Table legend:
 A = Non-vault XP
 B = Vault XP
 C = Vault XP percentage of total XP
 D = Non-vault monster count
 E = Vault monster count
 F = Vault count percentage of total count
                 A         B        C        D         E       F
            +---------+---------+-------+---------+---------+-------
      Total |     453 |       0 |   0.0 |      75 |       0 |   0.0
            +---------+---------+-------+---------+---------+-------
        D:1 |      38 |       0 |   0.0 |      20 |       0 |   0.0
        D:2 |      94 |       0 |   0.0 |      30 |       0 |   0.0
        D:3 |     321 |       0 |   0.0 |      25 |       0 |   0.0
            +---------+---------+-------+---------+---------+-------
